AoeStats
← Maestro

MegaRandom

504729564Analyzed
1v1 RM · 26d ago on Sep 6, 2026· 157m 50s· 2 players
Game mode
Random Map
Map size
Tiny (2 player)
Population
200
Speed
Normal
Resources
Standard
Victory
Conquest
Starting age
Dark Age
Ending age
Imperial Age
RankedLock teamsTeams togetherTeam positionsShared explorationLock speedFull tech treeHidden civsTurbo modeCheats
Victory
Defeat
🇷🇺 Teutons · Russia
491
+16
🇵🇹 Magyars · Portugal
499
-16
Maestro
14:28 Feudal Age
15:09 Double-Bit Axe
15:09 Fishing Lines
19:40 Gold Mining
19:41 Stone Mining
22:49 Bloodlines
23:02 Horse Collar
23:31 Scale Barding Armor
23:28 Scale Mail Armor
23:39 Forging
28:56 Castle Age
31:18 Bow Saw
32:10 Stone Shaft Mining
35:26 Chain Barding Armor
35:22 Chain Mail Armor
38:24 Wheelbarrow
40:33 Iron Casting
44:40 Hand Cart
53:28 Imperial Age
ageofkings
3:30 Loom
11:00 Feudal Age
11:52 Town Watch
12:43 Wheelbarrow
22:32 Castle Age
21:22 Fletching
21:33 Padded Archer Armor
22:42 Bloodlines
25:12 Town Patrol
26:44 Bodkin Arrow
27:05 Leather Archer Armor
31:24 Double-Bit Axe
37:28 Corvinian Army
37:43 Scale Mail Armor
38:07 Hand Cart
39:06 Chain Mail Armor
39:04 Scale Barding Armor
40:18 Chain Barding Armor
44:47 Thumb Ring
47:26 Ballistics
53:20 Imperial Age
52:19 Murder Holes
52:40 Gold Mining
58:37 Chemistry
84:47 Elite Skirmisher
Connection lost

Rejoining the realm…

Still unreachable

The connection could not be restored.

Session expired

The server has moved on; the page needs a fresh start.